 Dungeon Crawl Stone Soup version 0.22.1-1-ga44c0e5 (webtiles) character file.

100 Folque the Vandal (level 5, -2/36 HPs)
             Began as a Halfling Hunter on Sept 22, 2018.
             Slain by a worm (7 damage)
             ... on level 2 of the Dungeon.
             The game lasted 00:07:12 (1839 turns).

Folque the Vandal (Halfling Hunter)                 Turns: 1839, Time: 00:07:13

Health: -2/36      AC:  4    Str: 13    XL:     5   Next: 3%
Magic:  5/5        EV: 15    Int:  9    God:
Gold:   66         SH:  0    Dex: 16    Spells: 4/4 levels left

rFire    . . .     SeeInvis .   b - +0 short sword
rCold    . . .     Gourm    .   (shield restricted)
rNeg     . . .     Faith    .   c - +1 leather armour
rPois    .         Spirit   .   (no helmet)
rElec    .         Reflect  .   (no cloak)
rCorr    .         Harm     .   (no gloves)
MR       .....                  (no boots)
Stlth    ++........             (no amulet)
HPRegen  0.12/turn              (no ring)
MPRegen  0.09/turn              (no ring)

@: no status effects
A: small, mutation resistance 1
a: no special abilities


You were on level 2 of the Dungeon.
You were not hungry.

You visited 1 branch of the dungeon, and saw 2 of its levels.

You collected 66 gold pieces.

Inventory:

Hand Weapons
 a - a +1 hunting sling
 b - a +0 short sword (weapon)
Missiles
 d - 19 sling bullets
 k - 40 stones (quivered)
Armour
 c - a +1 leather armour (worn)
 j - a scarf of spirit shield
Jewellery
 l - an uncursed amulet of faith {unknown}
 m - an uncursed amulet of the gourmand {unknown}
Scrolls
 g - a scroll of amnesia
 i - a scroll of identify
Comestibles
 f - 2 rations


   Skills:
 + Level 3.3 Fighting
 * Level 7.1 Slings
 + Level 2.4 Dodging
 - Level 1.1 Stealth


You had 4 spell levels left.
You didn't know any spells.
Your spell library was empty.

Dungeon Overview and Level Annotations

Branches:
Dungeon (2/15)

Altars:
Dithmenos
Nemelex Xobeh


Innate Abilities, Weirdness & Mutations

You are small and have problems with some larger weapons.
You are somewhat resistant to further mutation.


Message History

You miss something. The worm barely misses you.
Something hits you but does no damage.
You closely miss something. Something barely misses you.
The worm completely misses you.
You closely miss something. Something hits you.
* * * LOW HITPOINT WARNING * * *
As you read the scroll labeled AVAUGY XUCUN, it crumbles to dust.
It is a scroll of identify.
g - a scroll of amnesia The worm completely misses you.
Something hits you but does no damage.
As you read the scroll labeled NORCHU QIMOCSARCHU, it crumbles to dust.
You feel blessed for a moment.
It was a scroll of remove curse.
The worm bites you.
* * * LOW HITPOINT WARNING * * *
Something hits you.
* * * LOW HITPOINT WARNING * * *
You hit something. Something hits you.
* * * LOW HITPOINT WARNING * * *
You hit something. The worm bites you!
You die...

#.# #.# #
###.#######.####...#
..................#
#..######.####...#
#..######.# #
#.>.......#
#.######..# #{# #..#
#@# #.<# #w# #..#
#(# #..# ((# #..#
... ...# ..)# ..(#
##.(#


You could see a worm.

Vanquished Creatures
  A bullfrog zombie (D:2)
  Robin (D:2)
  3 dart slugs
  2 leopard geckos (D:1)
  5 bats
  3 giant cockroaches (D:1)
  12 goblins
  6 hobgoblins
  4 kobolds
  A quokka (D:2)
  A ball python skeleton (D:2)
  2 frilled lizards (D:2)
  6 rats
47 creatures vanquished.

Notes
Turn   | Place    | Note
-------+----------+-------------------------------------------
     0 | D:1      | Folque the Halfling Hunter began the quest for the Orb.
     0 | D:1      | Reached XP level 1. HP: 14/14 MP: 1/1
   212 | D:1      | Reached skill level 6 in Slings
   212 | D:1      | Reached XP level 2. HP: 15/19 MP: 2/2
   284 | D:1      | Found a sparkling altar of Nemelex Xobeh.
   766 | D:1      | Reached XP level 3. HP: 20/25 MP: 3/3
  1394 | D:2      | HP: 1/25 [bullfrog zombie (4)]
  1396 | D:2      | Reached XP level 4. HP: 2/31 MP: 4/4
  1728 | D:2      | Found a shadowy altar of Dithmenos.
  1800 | D:2      | Noticed Robin
  1813 | D:2      | Killed Robin
  1813 | D:2      | Reached skill level 7 in Slings
  1815 | D:2      | Reached XP level 5. HP: 35/36 MP: 5/5
  1839 | D:2      | Slain by a worm

Skill      XL: |  1  2  3  4 |
---------------+-------------+-----
Fighting       | 2 3 |  3.3
Slings         | 6 7 |  7.1
Dodging        | |  2.4
Stealth        | |  1.1

Action                   |  1- 3 |  4- 6 || total
-------------------------+-------+-------++-------
Melee: Short sword       |   142 |    27 ||   169
 Fire: Hunting sling     |    10 |    20 ||    30
  Use: Potion            |     2 |     1 ||     3
       Scroll            |       |     3 ||     3
 Stab: Sleeping          |     3 |       ||     3
  Eat: Chunk             |     1 |     2 ||     3
Armor: Leather armour    |    31 |    11 ||    42
Dodge: Dodged            |   132 |    29 ||   161
